 Dungeon Crawl Stone Soup version 0.27.1-34-g3ba077fa99 (webtiles) character file.

Game seed: 8770617750769699779

1420 Descartes the Shield-Bearer (level 9, 0/68 HPs)
             Began as a Formicid Warper on Jan 3, 2022.
             Slain by an eight-headed hydra (2 damage)
             ... on level 9 of the Dungeon.
             The game lasted 00:14:33 (5929 turns).

Descartes the Shield-Bearer (Formicid Warper)       Turns: 5929, Time: 00:14:34

Health: 0/68       AC: 19    Str: 20    XL:     9   Next: 2%
Magic:  16/16      EV:  3    Int: 12    God:
Gold:   344        SH:  0    Dex: 10    Spells: 10/18 levels left

rFire    . . .     SeeInvis +   h - +1 whip (drain)
rCold    . . .     Faith    .   w - +1 tower shield
rNeg     . . .     Spirit   .   i - +0 plate armour
rPois    .         Reflect  .   (helmet unavailable)
rElec    .         Harm     .   z - +0 cloak
rCorr    .         Rampage  .   k - +0 pair of gloves
Will     .....                  E - +0 pair of boots
Stlth    ..........             (no amulet)
HPRegen  0.21/turn              b - +4 ring of protection
MPRegen  0.15/turn              (no ring)

@: confused, ambrosia-drunk
A: permanent stasis, dig shafts and tunnels, antennae 3, four strong arms
a: Dig, Shaft Self


You were on level 9 of the Dungeon.
You visited 1 branch of the dungeon, and saw 7 of its levels.

You collected 344 gold pieces.

Inventory:

Hand Weapons
 a - a +0 mace
 h - a +1 whip of draining (weapon)
 o - a +1 dagger of venom
 y - a +0 vampiric falchion
 B - a +1 hunting sling of flaming
Missiles
 c - 5 boomerangs of dispersal (quivered)
 g - 47 arrows
 j - 130 stones
 t - 19 poisoned darts
 A - 69 sling bullets
Armour
 i - a +0 plate armour (worn)
 k - a +0 pair of gloves (worn)
 w - a +1 tower shield (worn)
 z - a +0 cloak (worn)
 E - a +0 pair of boots (worn)
Magical Staves
 s - a staff of air
Jewellery
 b - a +4 ring of protection (left hand)
 d - an amulet of the acrobat
Wands
 m - a wand of iceblast (12)
 q - a wand of mindburst (11)
 x - a wand of polymorph (3)
Scrolls
 e - a scroll of teleportation
 f - a scroll of blinking
 u - a scroll of amnesia
Potions
 l - a potion of haste {unknown}
 r - a potion of curing
 C - a potion of brilliance {unknown}


   Skills:
 - Level 5.0 Fighting
 - Level 2.0 Maces & Flails
 - Level 1.0 Throwing
 - Level 5.0 Armour
 - Level 2.0 Dodging
 + Level 5.5 Shields
 - Level 5.0 Spellcasting
 + Level 5.4 Translocations


You had 10 spell levels left.
You knew the following spells:

 Your Spells              Type           Power      Damage    Failure   Level
a - Manifold Assault      Tloc           16%        N/A       100%        5
b - Teleport Other        Tloc           16%        N/A       100%        3

Your spell library contained the following spells:

 Spells                   Type           Power      Damage    Failure   Level
 Freeze                   Ice            12%        1d4       100%        1
 Call Canine Familiar     Summ           3%         N/A       100%        3
 Frozen Ramparts          Ice            6%         1d2       100%        3
 Gell's Gravitas          Tloc           8%         N/A       100%        3
 Lesser Beckoning         Tloc           8%         N/A       100%        3
 Portal Projectile        Hex/Tloc       18%        N/A       100%        3
 Hailstorm                Conj/Ice       3%         3d3       100%        4
 Leda's Liquefaction      Hex/Erth       1%         N/A       100%        4
 Summon Forest            Summ/Tloc      4%         N/A       100%        5
 Summon Mana Viper        Hex/Summ       3%         N/A       100%        5
 Shadow Creatures         Summ           N/A        N/A       100%        6
 Blink                    Tloc           Unusable   N/A       N/A         2

Dungeon Overview and Level Annotations

Branches:
Dungeon (6/15)
 Temple: D:4-7

Altars:
Ashenzari
Dithmenos
Kikubaaqudgha
Nemelex Xobeh
Vehumet
The Shining One


Innate Abilities, Weirdness & Mutations

You cannot be hasted, slowed, berserked, paralysed or teleported.
You can dig through walls and to a lower floor.
You have a pair of large antennae on your head. (SInv)
Your four strong arms can wield two-handed weapons with a shield.


Message History

The eight-headed hydra is lightly wounded.
The eight-headed hydra bites you!
You block the eight-headed hydra's attack.
The eight-headed hydra bites you.
You block the eight-headed hydra's attack.
The eight-headed hydra bites you! The eight-headed hydra bites you.
The eight-headed hydra bites you but does no damage.
The eight-headed hydra bites you! The kobold brigand barely misses you.
The eight-headed hydra bites you! x2
* * * LOW HITPOINT WARNING * * *
The eight-headed hydra bites you but does no damage.
You block the eight-headed hydra's attack.
The eight-headed hydra bites you.
* * * LOW HITPOINT WARNING * * *
The eight-headed hydra barely misses you.
The eight-headed hydra bites you but does no damage. x2
Okay, then.
It was a potion of berserk rage.
Your stasis prevents you from going berserk.
The eight-headed hydra bites you but does no damage. x2
You block the eight-headed hydra's attack.
The eight-headed hydra bites you but does no damage.
The eight-headed hydra bites you.
* * * LOW HITPOINT WARNING * * *
You block the eight-headed hydra's attack.
The eight-headed hydra bites you but does no damage. x2
It was a potion of ambrosia.
You are confused.
You feel invigorated.
The kobold brigand hits you but does no damage.
The eight-headed hydra bites you.
* * * LOW HITPOINT WARNING * * *
The eight-headed hydra bites you but does no damage. x7
You bump into the rock wall.
The kobold brigand hits you but does no damage.
The eight-headed hydra bites you!
* * * LOW HITPOINT WARNING * * *
The eight-headed hydra bites you but does no damage. x6
The eight-headed hydra bites you.
You die...

#... { '<.# #..#
#..# { {#..# #)#
#K# #D# #@#
########.#
.........#
#############..##
#.....# #..#
#.....#######..###
#..<..##.........#
#.....##.........#
#.....##.........#


You could see an eight-headed hydra (drained) and a kobold brigand (drained).

Vanquished Creatures
  Joseph (D:9)
  A hornet (D:9)
  A sky beast (D:5)
  An ice beast (D:5)
  A centaur (D:9)
  A wyvern skeleton (D:5)
  A howler monkey (D:5)
  A hound (D:4)
  2 orc priests (D:5)
  2 jellies
  A gnoll shaman (D:9)
  2 iguanas
  An orc wizard (D:5)
  A killer bee zombie (D:5)
  2 hound zombies (D:5)
  7 gnolls
  7 adders
  A shadow imp (D:5)
  An ufetubus (D:5)
  A worm (D:2)
  2 dart slugs
  4 orcs
  A ball python (D:2)
  5 bats
  5 endoplasms
  5 giant cockroaches
  10 goblins
  7 hobgoblins
  6 jackals
  2 quokkas
  10 kobolds
  5 rats
98 creatures vanquished.

Notes
Turn   | Place    | Note
-------+----------+-------------------------------------------
     0 | D:1      | Descartes the Formicid Warper began the quest for the Orb.
     0 | D:1      | Reached XP level 1. HP: 16/16 MP: 3/3
     0 | D:1      | Found an ancient bone altar of Kikubaaqudgha.
   345 | D:1      | Reached XP level 2. HP: 23/23 MP: 5/5
  1086 | D:2      | Reached XP level 3. HP: 21/25 MP: 6/6
  1344 | D:2      | Found a faded altar of an unknown god.
  2110 | D:3      | Reached XP level 4. HP: 26/34 MP: 8/8
  2388 | D:3      | Found a radiant altar of Vehumet.
  2518 | D:3      | Found a broken altar of Ashenzari.
  2525 | D:3      | Reached XP level 5. HP: 41/41 MP: 9/9
  2985 | D:4      | Reached skill level 1 in Shields
  3134 | D:4      | Reached XP level 6. HP: 43/47 MP: 9/11
  3194 | D:4      | Found a shadowy altar of Dithmenos.
  3246 | D:4      | Found a glowing golden altar of the Shining One.
  3602 | D:5      | Entered Level 5 of the Dungeon
  3767 | D:5      | Found a sparkling altar of Nemelex Xobeh.
  3787 | D:5      | Learned a level 5 spell: Manifold Assault
  3791 | D:5      | Learned a level 3 spell: Teleport Other
  3906 | D:5      | Noticed an ice beast
  3921 | D:5      | Killed an ice beast
  3922 | D:5      | Reached XP level 7. HP: 35/54 MP: 12/12
  4510 | D:5      | Reached XP level 8. HP: 10/61 MP: 14/14
  5151 | D:6      | You fall into a shaft and drop 3 floors!
  5228 | D:9      | Noticed Joseph
  5269 | D:9      | Killed Joseph
  5270 | D:9      | Reached skill level 5 in Fighting
  5270 | D:9      | Reached skill level 5 in Armour
  5573 | D:9      | Noticed a hornet
  5593 | D:9      | Reached skill level 5 in Spellcasting
  5610 | D:9      | Killed a hornet
  5611 | D:9      | Reached skill level 5 in Shields
  5611 | D:9      | Reached skill level 5 in Translocations
  5611 | D:9      | Reached XP level 9. HP: 30/68 MP: 16/16
  5918 | D:9      | Noticed an eight-headed hydra
  5929 | D:9      | HP: 2/68 [eight-headed hydra (11)]
  5929 | D:9      | Slain by an eight-headed hydra

Illustrated notes

Levels and vault maps discovered:
D:1:      sevenhm_arrival_forest_fort_small_6, layout_loops_ring
D:2:      layout_basic, basic_ecumenical_altar, minmay_liquid_box
D:3:      layout_loops_ring, mainiacjoe_overflow_tiny_flanked,
          mainiacjoe_overflow_brackets
D:4:      layout_basic, lemuel_crystal_altar, old_standard_altar,
          minmay_crystal_room
D:5:      layout_rooms, lemuel_crystal_altar
D:6:      layout_loops_cross, kennysheep_generic_room_12
D:9:      minmay_shrinking_squares, layout_basic, dk_rats_in_the_wall,
          uniq_joseph

Skill      XL: |  1  2  3  4  5  6  7  8 |
---------------+-------------------------+-----
Dodging        | 2 |  2.0
Translocations | 3 4 5 |  5.4
Armour         | 2 3 4 5 |  5.0
Fighting       | 3 4 5 |  5.0
Spellcasting   | 3 4 5 |  5.0
Shields        | 1 2 3 5 |  5.5
Maces & Flails | |  2.0
Throwing       | |  1.0

Action                   |  1- 3 |  4- 6 |  7- 9 || total
-------------------------+-------+-------+-------++-------
Melee: Mace              |    37 |       |       ||    37
       Whip              |    88 |   192 |   243 ||   523
       Unarmed           |       |       |    10 ||    10
 Abil: Dig               |       |       |     3 ||     3
  Use: Potion            |       |       |    10 ||    10
       Scroll            |       |       |     7 ||     7
Armor: Leather armour    |    10 |       |       ||    10
       Plate armour      |    88 |   155 |   216 ||   459
Dodge: Dodged            |    55 |    18 |    29 ||   102
Block: Tower shield      |       |   106 |   209 ||   315
